 Dungeon Crawl Stone Soup version 0.25.1-2-g60ff931df9 (webtiles) character file.

Game seed: 8798440606148020130

48 DildoBatman the Magician (level 4, 0/30 HPs)
             Began as a Formicid Wizard on Sept 5, 2020.
             Slain by a bat skeleton (1 damage)
             ... on level 2 of the Dungeon.
             The game lasted 00:02:48 (1592 turns).

DildoBatman the Magician (Formicid Wizard)          Turns: 1592, Time: 00:02:48

Health: 0/30       AC:  3    Str: 12    XL:     4   Next: 0%
Magic:  4/8        EV: 12    Int: 18    God:
Gold:   98         SH:  0    Dex:  9    Spells: 8/9 levels left

rFire    . . .     SeeInvis +   j - +0 dagger
rCold    . . .     Gourm    .   (no shield)
rNeg     . . .     Faith    +   a - +0 robe
rPois    .         Spirit   .   (helmet unavailable)
rElec    .         Reflect  .   h - +0 cloak
rCorr    .         Harm     .   (no gloves)
MR       +....                  (no boots)
Stlth    ++........             o - amulet of faith
HPRegen  0.10/turn              m - ring of protection from magic
MPRegen  0.11/turn              (no ring)

@: no status effects
A: permanent stasis, dig shafts and tunnels, four strong arms, antennae 3
a: Dig, Shaft Self


You were on level 2 of the Dungeon.
You were not hungry.

You visited 1 branch of the dungeon, and saw 2 of its levels.

You collected 98 gold pieces.

Inventory:

Hand Weapons
 j - a +0 dagger (weapon)
Missiles
 g - 106 stones (quivered)
 q - 25 bolts
Armour
 a - a +0 robe (worn)
 h - a +0 cloak (worn)
Jewellery
 m - a ring of protection from magic (left hand)
 o - an amulet of faith (around neck)
Wands
 n - a wand of random effects (16)
Scrolls
 b - a scroll of remove curse {unknown}
 c - a scroll of teleportation {unknown}
 d - 4 scrolls of identify {unknown}
 i - a scroll of enchant weapon {unknown}
Potions
 e - a potion of heal wounds {unknown}
 f - 2 potions of curing {unknown}
 k - a potion of stabbing {unknown}
 l - a potion of flight {unknown}
Comestibles
 p - a chunk of flesh
 v - 2 rations


   Skills:
 - Level 1.7 Dodging
 - Level 2.4 Stealth
 - Level 3.2 Spellcasting
 * Level 3.1 Conjurations
   Level 1.0 Summonings
   Level 0.8 Translocations


You had 8 spell levels left.
You knew the following spells:

 Your Spells              Type           Power        Failure   Level  Hunger
c - Magic Dart            Conj           ##..         4%          1    None

Your spell library contained the following spells:

 Spells                   Type           Power        Failure   Level  Hunger
 Call Imp                 Summ           #.......     16%         2    ##.....
 Slow                     Hex            #.......     24%         2    ##.....
 Conjure Flame            Conj/Fire      #.......     26%         3    ###....
 Mephitic Cloud           Conj/Pois/Air  #.......     30%         3    ###....
 Blink                    Tloc           Unusable     N/A         2    N/A

Dungeon Overview and Level Annotations

Branches:
Dungeon (2/15)

Altars:
Cheibriados


Innate Abilities, Weirdness & Mutations

You cannot be hasted, slowed, berserked, paralysed or teleported.
You can dig through walls and to a lower floor.
Your four strong arms can wield two-handed weapons with a shield.
You have a pair of large antennae on your head. (SInv)


Message History

t - Shout!
Orders for allies: a - Attack new target. r - Retreat! s - Stop attacking. g - Guard the area. f - Follow me.
Anything else - Cancel.
You shout for attention!
The bat skeleton closely misses you. The rat bites you.
The bat skeleton hits you but does no damage.
The kobold completely misses you. The adder zombie bites you.
What are your orders? t - Shout!
Orders for allies: a - Attack new target. r - Retreat! s - Stop attacking. g - Guard the area. f - Follow me.
Anything else - Cancel.
You shout for attention!
The bat skeleton hits you. x2
You die...

.... #.# ...# #.#
#.##. #.## #.#
#?#..### .#
###.###...≈P.### #
#.......≈≈.≈...
#.#.##...≈≈≈..# #
#.#÷###..≈≈≈..#
#.#.#.....≈≈rZ..#
#.##.#.#.###.P.K@$.#
#........# ####Z##.#
######.#.# #.##.#
#.#.# ##.#.# #<#.#
#.#.# #...# ##.†#
#.#.# ##.#
######.#.# #.####
.......#.# #.##.##


You could see an adder zombie, a kobold, a rat and a bat skeleton.

Vanquished Creatures
  An adder zombie (D:2)
  An adder skeleton (D:2)
  A worm (D:2)
  2 dart slugs (D:2)
  2 leopard geckos
  A giant cockroach (D:2)
  3 goblins
  4 hobgoblins
  2 ball pythons
  A ball python zombie (D:2)
  7 bats
  2 frilled lizards (D:2)
  2 kobolds
  A leopard gecko zombie (D:2)
  3 rats
33 creatures vanquished.

Notes
Turn   | Place    | Note
-------+----------+-------------------------------------------
     0 | D:1      | DildoBatman the Formicid Wizard began the quest for the
                  | Orb.
     0 | D:1      | Reached XP level 1. HP: 13/13 MP: 4/4
    21 | D:1      | Reached skill level 1 in Conjurations
   239 | D:1      | Reached XP level 2. HP: 19/19 MP: 3/6
   773 | D:2      | Found a snail-covered altar of Cheibriados.
   798 | D:2      | Reached XP level 3. HP: 24/24 MP: 0/7
  1553 | D:2      | Reached XP level 4. HP: 30/30 MP: 0/8
  1591 | D:2      | HP: 1/30 [adder zombie (3)]
  1592 | D:2      | Slain by a bat skeleton

Illustrated notes

Levels and vault maps discovered:
D:1:      evilmike_arrival_rings, layout_rooms
D:2:      layout_loops_ring, nicolae_overflow_crystal_walls, serial_undead,
          serial_undead_f, serial_undead_b, serial_undead_c, serial_undead_b,
          ebering_dispersal_statue_hall

Skill      XL: |  1  2  3 |
---------------+----------+-----
Conjurations   | 1 2 3 |  3.1
Dodging        | |  1.7
Stealth        | |  2.4
Spellcasting   | |  3.2
Summonings     | |  1.0
Translocations | |  0.8

Action                   |  1- 3 |  4- 6 || total
-------------------------+-------+-------++-------
Melee: Dagger            |    26 |     1 ||    27
 Cast: Magic Dart        |    87 |     1 ||    88
 Abil: Dig               |     2 |     1 ||     3
  Eat: Chunk             |     2 |       ||     2
Armor: Robe              |    13 |    51 ||    64
Dodge: Dodged            |    28 |    95 ||   123
